PAA
CHESAPEAKE CONTINENTALS @ ATLANTIC CITY SONICS
06/05/2033
 
TOP OF THE 1ST
Chesapeake Continentals batting - Pitching for Atlantic City Sonics : RHP Osvaldo Garibe
Pitching: RHP Osvaldo Garibe
Batting: RHB Santiago Valentín 0-0: Foul Ball, location: 2F
0-1: Ground out 1-3 (Groundball, 13)
Batting: RHB Manuel Ángel 0-0: Called Strike
0-1: Ball
1-1: Ground out 5-3 (Groundball, 56)
Batting: RHB Otton Dis 0-0: Called Strike
0-1: Ball
1-1: Foul Ball, location: 2F
1-2: Strikes out swinging
Top of the 1st over - 0 runs, 0 hits, 0 errors, 0 left on base; Chesapeake 0 - Atlantic City 0
BOTTOM OF THE 1ST
Atlantic City Sonics batting - Pitching for Chesapeake Continentals : RHP Kyung-nam Kim
Pitching: RHP Kyung-nam Kim
Batting: RHB Luke Kreijling 0-0: Fly out, F5 (Popup, 5F)
Batting: RHB John Willoughby 0-0: Ball
1-0: Ball
2-0: Ball
3-0: Base on Balls
Batting: LHB Bryce Abood 0-0: Ball
1-0: Ground out 6-3 (Groundball, 6S)
John Willoughby to second
Batting: RHB Mike Pate 0-0: Swinging Strike
0-1: Foul Ball, location: 2F
0-2: Ball
1-2: Ball
Wild Pitch!
John Willoughby to third
2-2: Foul Ball, location: 2F
2-2: Ball
3-2: Fly out, F8 (Flyball, 8RM)
Bottom of the 1st over - 0 runs, 0 hits, 0 errors, 1 left on base; Chesapeake 0 - Atlantic City 0
TOP OF THE 2ND
Chesapeake Continentals batting - Pitching for Atlantic City Sonics : RHP Osvaldo Garibe
Batting: LHB Raphaël Duval 0-0: Ball
1-0: Ball
2-0: Called Strike
2-1: Swinging Strike
2-2: Ball
3-2: Base on Balls
Batting: RHB Jim MacRach 0-0: Ball
1-0: Ball
2-0: Called Strike
2-1: Swinging Strike
2-2: Strikes out looking
Batting: LHB Mathias Gudmestad 0-0: Called Strike
0-1: Ball
1-1: Ball
2-1: Foul Ball, location: 2F
2-2: Ball
3-2: Foul Ball, location: 2F
3-2: Foul Ball, location: 2F
3-2: Foul Ball, location: 2F
3-2: Foul Ball, location: 2F
3-2: Foul Ball, location: 2F
3-2: Strikes out swinging
Batting: RHB Shou-chien Luo 0-0: Foul Ball, location: 2F
0-1: Fielders Choice at 2nd, 6-4 (Groundball, 6)
Top of the 2nd over - 0 runs, 0 hits, 0 errors, 1 left on base; Chesapeake 0 - Atlantic City 0
BOTTOM OF THE 2ND
Atlantic City Sonics batting - Pitching for Chesapeake Continentals : RHP Kyung-nam Kim
Batting: RHB Alejandro Sánchez 0-0: Ball
1-0: Ball
2-0: Ground out 5-3 (Groundball, 56)
Batting: RHB Kendrick Drumgoole 0-0: Foul Ball, location: 2F
0-1: Ball
1-1: Called Strike
1-2: Ball
2-2: SINGLE (Groundball, 15S) (infield hit)
Batting: RHB Toyozo Yamasaki 0-0: Ball
1-0: Ball
2-0: Swinging Strike
2-1: Foul Ball, location: 2F
2-2: Foul Ball, location: 2F
2-2: Ball
3-2: Foul Ball, location: 2F
3-2: 2-RUN HOME RUN (Line Drive, 78XD), Distance : 406 ft
Batting: RHB Augusto Escobar 0-0: Ball
1-0: Foul Ball, location: 2F
1-1: SINGLE (Groundball, 6MD)
Batting: LHB Donovan Inman 0-0: Ball
1-0: Fly out, F6 (Popup, P)
Batting: RHB Luke Kreijling 0-0: Ball
1-0: SINGLE (Groundball, 4M) (infield hit)
Augusto Escobar to second
Batting: RHB John Willoughby 0-0: Called Strike
0-1: Ground out 4-3 (Groundball, 4)
Bottom of the 2nd over - 2 runs, 4 hits, 0 errors, 2 left on base; Chesapeake 0 - Atlantic City 2
TOP OF THE 3RD
Chesapeake Continentals batting - Pitching for Atlantic City Sonics : RHP Osvaldo Garibe
Batting: SHB Tomás Valdéz 0-0: Ball
1-0: Ground out 6-3 (Groundball, 56)
Batting: RHB Yohann Serres 0-0: Ball
1-0: Ball
2-0: Foul Ball, location: 2F
2-1: Swinging Strike
2-2: Ball
3-2: Fly out, F8 (Flyball, 78D)
Batting: RHB Santiago Valentín 0-0: Ball
1-0: Ball
2-0: Called Strike
2-1: Ball
3-1: Called Strike
3-2: Base on Balls
Batting: RHB Manuel Ángel 0-0: Foul Ball, location: 2F
0-1: Ball
1-1: Called Strike
1-2: Ball
Santiago Valentín steals 2nd base
2-2: Ball
3-2: Strikes out looking
Top of the 3rd over - 0 runs, 0 hits, 0 errors, 1 left on base; Chesapeake 0 - Atlantic City 2
BOTTOM OF THE 3RD
Atlantic City Sonics batting - Pitching for Chesapeake Continentals : RHP Kyung-nam Kim
Batting: LHB Bryce Abood 0-0: Ball
1-0: Called Strike
1-1: Foul Ball, location: 2F
1-2: Foul Ball, location: 2F
1-2: Fly out, F7 (Flyball, 7LS)
Batting: RHB Mike Pate 0-0: Ball
1-0: Foul Ball, location: 2F
1-1: Called Strike
1-2: Strikes out swinging
Batting: RHB Alejandro Sánchez 0-0: Ball
1-0: SINGLE (Groundball, 56D)
Batting: RHB Kendrick Drumgoole 0-0: Ball
1-0: Ball
2-0: Foul Ball, location: 2F
2-1: Swinging Strike
2-2: Ball
3-2: Fly out, F7 (Flyball, 7LM)
Bottom of the 3rd over - 0 runs, 1 hit, 0 errors, 1 left on base; Chesapeake 0 - Atlantic City 2
TOP OF THE 4TH
Chesapeake Continentals batting - Pitching for Atlantic City Sonics : RHP Osvaldo Garibe
Batting: RHB Otton Dis 0-0: Ball
1-0: Called Strike
1-1: Ground out 5-3 (Groundball, 56)
Batting: LHB Raphaël Duval 0-0: Foul Ball, location: 2F
0-1: DOUBLE (Line Drive, 9LS)
Batting: RHB Jim MacRach 0-0: Called Strike
0-1: Ground out U3 (Groundball, 34S)
Raphaël Duval to third
Batting: LHB Mathias Gudmestad 0-0: Ball
1-0: Ball
2-0: Called Strike
2-1: Ball
3-1: Foul Ball, location: 2F
3-2: Base on Balls
Batting: RHB Shou-chien Luo 0-0: Ball
1-0: Called Strike
1-1: Foul Ball, location: 2F
1-2: 3-RUN HOME RUN (Flyball, 7LD), Distance : 365 ft
Batting: SHB Tomás Valdéz 0-0: Foul Ball, location: 2F
0-1: Ball
1-1: Called Strike
1-2: Ball
2-2: Ball
3-2: Ground out 4-3 (Groundball, 4)
Top of the 4th over - 3 runs, 2 hits, 0 errors, 0 left on base; Chesapeake 3 - Atlantic City 2
BOTTOM OF THE 4TH
Atlantic City Sonics batting - Pitching for Chesapeake Continentals : RHP Kyung-nam Kim
Batting: RHB Toyozo Yamasaki 0-0: Ground out 4-3 (Groundball, 34D)
Batting: RHB Augusto Escobar 0-0: Called Strike
0-1: Ball
1-1: Foul Ball, location: 2F
1-2: Foul Ball, location: 2F
1-2: Ball
2-2: Strikes out swinging
Batting: LHB Donovan Inman 0-0: Ball
1-0: Called Strike
1-1: Ball
2-1: Ball
3-1: Base on Balls
Batting: RHB Luke Kreijling 0-0: Hit by Pitch
Donovan Inman to second
Batting: RHB John Willoughby 0-0: Called Strike
0-1: Ball
1-1: Ball
2-1: Fly out, F9 (Line Drive, 89D)
Bottom of the 4th over - 0 runs, 0 hits, 0 errors, 2 left on base; Chesapeake 3 - Atlantic City 2
TOP OF THE 5TH
Chesapeake Continentals batting - Pitching for Atlantic City Sonics : RHP Osvaldo Garibe
Batting: RHB Yohann Serres 0-0: Called Strike
0-1: Fly out, F4 (Line Drive, 4M)
Batting: RHB Santiago Valentín 0-0: Ground out 5-3 (Groundball, 56S)
Batting: RHB Manuel Ángel 0-0: SINGLE (Groundball, 25) (infield hit)
Batting: RHB Otton Dis 0-0: Ball
1-0: Swinging Strike
Pickoff Throw by Catcher to First - Out!
Top of the 5th over - 0 runs, 1 hit, 0 errors, 0 left on base; Chesapeake 3 - Atlantic City 2
BOTTOM OF THE 5TH
Atlantic City Sonics batting - Pitching for Chesapeake Continentals : RHP Kyung-nam Kim
Batting: LHB Bryce Abood 0-0: Called Strike
0-1: Foul Ball, location: 2F
0-2: Foul Ball, location: 2F
0-2: Ground out 6-3 (Groundball, 6)
Batting: RHB Mike Pate 0-0: Ball
1-0: Called Strike
1-1: Ball
2-1: SINGLE (Line Drive, 9LS)
Batting: RHB Alejandro Sánchez 0-0: Ball
1-0: Ball
2-0: Called Strike
2-1: Ball
3-1: Swinging Strike
3-2: Foul Ball, location: 2F
3-2: Strikes out swinging
Mike Pate steals 2nd base
Batter strikes out.
Batting: RHB Kendrick Drumgoole 0-0: Ball
1-0: Foul Ball, location: 2F
1-1: Foul Ball, location: 2F
1-2: Ball
2-2: Foul Ball, location: 2F
2-2: Foul Ball, location: 2F
2-2: Ball
3-2: Foul Ball, location: 2F
3-2: Foul Ball, location: 2F
3-2: Foul Ball, location: 2F
3-2: SINGLE (Line Drive, 6M)
Mike Pate to third
Mike Pate scores
Batting: RHB Toyozo Yamasaki 0-0: Ball
1-0: SINGLE (Groundball, 6MD)
Kendrick Drumgoole to second
Runner from 2nd tries for 3rd, SAFE, no throw
Pitching: RHP Kenny Makris
Batting: RHB Augusto Escobar 0-0: Foul Ball, location: 2F
0-1: Ball
1-1: Fly out, F8 (Line Drive, 78M)
Bottom of the 5th over - 1 run, 3 hits, 0 errors, 2 left on base; Chesapeake 3 - Atlantic City 3
TOP OF THE 6TH
Chesapeake Continentals batting - Pitching for Atlantic City Sonics : RHP Osvaldo Garibe
Batting: RHB Otton Dis 0-0: Swinging Strike
0-1: Foul Ball, location: 2F
0-2: Ball
1-2: Ball
2-2: Foul Ball, location: 2F
2-2: Strikes out swinging
Batting: LHB Raphaël Duval 0-0: Called Strike
0-1: Swinging Strike
0-2: Ground out 5-3 (Groundball, 15)
Batting: RHB Jim MacRach 0-0: Ball
1-0: Called Strike
1-1: Ball
2-1: Ball
3-1: Called Strike
3-2: Foul Ball, location: 2F
3-2: Foul Ball, location: 2F
3-2: Base on Balls
Batting: LHB Mathias Gudmestad 0-0: Ball
1-0: Ball
2-0: Fly out, F7 (Flyball, 7)
Top of the 6th over - 0 runs, 0 hits, 0 errors, 1 left on base; Chesapeake 3 - Atlantic City 3
BOTTOM OF THE 6TH
Atlantic City Sonics batting - Pitching for Chesapeake Continentals : RHP Kenny Makris
Batting: LHB Donovan Inman 0-0: Ball
1-0: Ball
2-0: SINGLE (Line Drive, 6M)
Batting: RHB Luke Kreijling 0-0: Ball
1-0: Ball
2-0: Called Strike
2-1: Ball
3-1: Foul Ball, location: 2F
3-2: SINGLE (Line Drive, 89S)
Donovan Inman to second
Donovan Inman to third
Batting: RHB John Willoughby 0-0: Ground out 5-3 (Groundball, 56S)
Donovan Inman scores
Luke Kreijling to second
Batting: LHB Bryce Abood 0-0: Intentional Walk
Batting: RHB Mike Pate 0-0: Swinging Strike
0-1: Ball
1-1: Fly out, F9 (Flyball, 89M)
Batting: RHB Alejandro Sánchez 0-0: Called Strike
0-1: Foul Ball, location: 2F
0-2: Ball
1-2: Strikes out swinging
Bottom of the 6th over - 1 run, 2 hits, 0 errors, 2 left on base; Chesapeake 3 - Atlantic City 4
TOP OF THE 7TH
Chesapeake Continentals batting - Pitching for Atlantic City Sonics : RHP Osvaldo Garibe
Batting: RHB Shou-chien Luo 0-0: Ball
1-0: Called Strike
1-1: Foul Ball, location: 2F
1-2: Ball
2-2: Ball
3-2: Base on Balls
Batting: SHB Tomás Valdéz 0-0: Called Strike
0-1: Swinging Strike
0-2: Strikes out swinging
Pitching: RHP Ramón Ocegueda
Batting: RHB Yohann Serres 0-0: Ball
1-0: Ball
2-0: Called Strike
2-1: Called Strike
2-2: Fly out, F8 (Flyball, 78M)
Batting: RHB Santiago Valentín 0-0: Called Strike
0-1: Ball
1-1: Ball
2-1: Foul Ball, location: 2F
2-2: Ball
Shou-chien Luo is caught stealing 2nd base
Top of the 7th over - 0 runs, 0 hits, 0 errors, 0 left on base; Chesapeake 3 - Atlantic City 4
BOTTOM OF THE 7TH
Atlantic City Sonics batting - Pitching for Chesapeake Continentals : RHP Kenny Makris
Batting: RHB Kendrick Drumgoole 0-0: SINGLE (Groundball, 6MD)
Batting: RHB Toyozo Yamasaki 0-0: Ball
1-0: Bunted foul
1-1: Ball
2-1: Bunted foul
2-2: Foul Ball, location: 2F
2-2: Ground out 5-3 (Groundball, 5)
Kendrick Drumgoole to second
Batting: RHB Augusto Escobar 0-0: Intentional Walk
Pinch Hitting: RHB Dam Son 0-0: Called Strike
0-1: Foul Ball, location: 2F
0-2: Foul Ball, location: 2F
0-2: Ball
1-2: Fly out, F8 (Flyball, 8LM)
Batting: RHB Luke Kreijling 0-0: Called Strike
0-1: Ball
1-1: Called Strike
1-2: Ball
2-2: SINGLE (Groundball, 34D)
Kendrick Drumgoole to third
Augusto Escobar to second
Runner from 3rd tries for Home, SAFE, no throw
Batting: RHB John Willoughby 0-0: Swinging Strike
0-1: Swinging Strike
0-2: Foul Ball, location: 2F
0-2: Ground out 1-3 (Groundball, 13)
Bottom of the 7th over - 1 run, 2 hits, 0 errors, 2 left on base; Chesapeake 3 - Atlantic City 5
TOP OF THE 8TH
Chesapeake Continentals batting - Pitching for Atlantic City Sonics : RHP Ramón Ocegueda
Now in LF: Gianpaolo Monachino
Batting: RHB Santiago Valentín 0-0: Fly out, F4 (Popup, 13)
Batting: RHB Manuel Ángel 0-0: Foul Ball, location: 2F
0-1: Ball
1-1: Foul Ball, location: 2F
1-2: Ball
2-2: Strikes out swinging
Batting: RHB Otton Dis 0-0: Ball
1-0: Called Strike
1-1: Ball
2-1: Ball
3-1: Foul Ball, location: 2F
3-2: Foul Ball, location: 2F
3-2: Foul Ball, location: 2F
3-2: Fly out, F9 (Flyball, 89S)
Top of the 8th over - 0 runs, 0 hits, 0 errors, 0 left on base; Chesapeake 3 - Atlantic City 5
BOTTOM OF THE 8TH
Atlantic City Sonics batting - Pitching for Chesapeake Continentals : RHP Kenny Makris
Batting: LHB Bryce Abood 0-0: Called Strike
0-1: Called Strike
0-2: Foul Ball, location: 2F
0-2: Foul Ball, location: 2F
0-2: Foul Ball, location: 2F
0-2: Fly out, F9 (Flyball, 89D)
Batting: RHB Mike Pate 0-0: Ground out 6-3 (Groundball, 6)
Batting: RHB Alejandro Sánchez 0-0: Foul Ball, location: 2F
0-1: Ball
1-1: Fly out, F8 (Flyball, 78D)
Bottom of the 8th over - 0 runs, 0 hits, 0 errors, 0 left on base; Chesapeake 3 - Atlantic City 5
TOP OF THE 9TH
Chesapeake Continentals batting - Pitching for Atlantic City Sonics : RHP Ramón Ocegueda
Pitching: RHP Amando Codes
Batting: LHB Raphaël Duval 0-0: Swinging Strike
0-1: Foul Ball, location: 2F
0-2: Strikes out looking
Batting: RHB Jim MacRach 0-0: Ball
1-0: Called Strike
1-1: Ball
2-1: Swinging Strike
2-2: Foul Ball, location: 2F
2-2: Ball
3-2: Foul Ball, location: 2F
3-2: Ground out 1-3 (Groundball, 13S)
Batting: LHB Mathias Gudmestad 0-0: Swinging Strike
0-1: Ground out U3 (Groundball, 3)
Top of the 9th over - 0 runs, 0 hits, 0 errors, 0 left on base; Chesapeake 3 - Atlantic City 5
Saturday, December 22nd, 2018 - OOTP Baseball 18.8 Build 76